 Dungeon Crawl Stone Soup version 0.32-a0-886-g41c5271027 (webtiles) character file.

Game seed: 2332804881878876738

562 Autsider the Magician (level 7, -4/59 HPs)
             Began as an Oni Hedge Wizard on Apr 2, 2024.
             Slain by a hound (5 damage)
             ... on level 4 of the Dungeon.
             The game lasted 00:22:27 (6829 turns).

Autsider the Magician (Oni Hedge Wizard)            Turns: 6829, Time: 00:22:27

Health: -4/59      AC:  1    Str: 15    XL:     7   Next: 32%
Magic:  10/13      EV:  8    Int: 17    God:
Gold:   157        SH:  0    Dex:  8    Spells: 6/14 levels left

rFire   . . .        a - +0 club
rCold   . . .        (no shield)
rNeg    . . .        (body armour restricted)
rPois   .            c - +0 hat
rElec   .            (no cloak)
rCorr   .            (gloves unavailable)
SInv    .            (boots unavailable)
Will    .....        (no amulet)
Stlth   +            (no ring)
HPRegen 0.29/turn    (no ring)
MPRegen 0.13/turn

%: no passive effects
@: no status effects
A: large, unfitting armour, horns 1, tough skin 1, double potion healing,
drunken brawling
a: no special abilities


You were on level 4 of the Dungeon.
You visited 1 branch of the dungeon, and saw 5 of its levels.

You collected 157 gold pieces.

Inventory:

Hand Weapons
 a - a +0 club (weapon)
Armour
 c - a +0 hat (worn)
Jewellery
 b - a +4 ring of slaying
Talismans
 p - a talisman of death
Scrolls
 f - a scroll of noise
 m - a scroll of immolation {unknown}
 n - 2 scrolls of enchant armour {unknown}
 q - a scroll of brand weapon {unknown}
 r - a scroll of vulnerability {unknown}
 s - a scroll of revelation {unknown}
Potions
 e - a potion of might
 i - a potion of berserk rage
 k - a potion of ambrosia {unknown}
 l - a potion of heal wounds {unknown}
 o - a potion of haste {unknown}


   Skills:
 - Level 1.7 Dodging
 - Level 1.4 Stealth
 - Level 4.0 Spellcasting
 - Level 4.0 Conjurations
 - Level 4.0 Summonings
 - Level 2.0 Translocations
 + Level 2.0 Air Magic
 + Level 1.7 Alchemy


You had 6 spell levels left.
You knew the following spells:

 Your Spells              Type           Power      Damage    Failure   Level
a - Magic Dart            Conj           68%        1d6       3%          1
w - Mephitic Cloud        Conj/Alch/Air  12%        N/A       16%         3
z - Blink                 Tloc           20%        N/A       11%         2
A - Call Imp              Summ           34%        N/A       4%          2

Your spell library contained the following spells:

 Spells                   Type           Power      Damage    Failure   Level
 Sting                    Conj/Alch      52%        1d6       4%          1
 Momentum Strike          Conj/Tloc      26%        3d8       7%          2
 Lesser Beckoning         Tloc           20%        N/A       11%         2
 Mercury Vapours          Alch/Air       18%        N/A       11%         2
 Cigotuvi's Dreadful Rot  Necr/Alch/Air  14%        N/A       14%         2
 Slow                     Hex            12%        N/A       16%         1
 Olgreb's Toxic Radiance  Alch           9%         N/A       58%         4


Dungeon Overview and Level Annotations

Branches:
Dungeon (5/15)
 Temple: D:4-7

Altars:
Trog

Shops:
D:3 =

Annotations:
D:1 exclusion: downstairs
D:2 1 runed translucent door, Crazy Yiuf
D:3 exclusions: 2 downstairs and 1 more exclusion
D:4 exclusions: 2 downstairs and 1 more exclusion


Innate Abilities, Weirdness & Mutations

You are too large for most types of armour.
You have a pair of small horns on your head.
You have tough skin. (AC +1)
You gain doubled healing and magic from potions.
Whenever you drink a healing potion, you attack all around you.


Message History

* * * LOW HITPOINT WARNING * * *
The black bear claws you.
* * * LOW HITPOINT WARNING * * *
The adder bites you.
* * * LOW HITPOINT WARNING * * *
The iguana barely misses you.
You climb upwards.
Level annotation: exclusions: 2 downstairs and 1 more exclusion You feel sick.
There is a stone staircase leading down here.
Casting: Mephitic Cloud (dangerous; 16% risk of failure)
Confirm with . or Enter, or press ? or * to list all spells.
You blink.
You feel sick. The hound bites you.
* * * LOW HITPOINT WARNING * * *
The iguana bites you!
* * * LOW HITPOINT WARNING * * *
You feel sick.
You feel sick. The adder attacks as it pursues you! The adder bites you.
* * * LOW HITPOINT WARNING * * *
The hound bites you.
* * * LOW HITPOINT WARNING * * *
You feel sick.
You are no longer poisoned.
The hound attacks as it pursues you! The hound closely misses you.
The adder closely misses you. The hound attacks as it pursues you!
The hound barely misses you. The adder attacks as it pursues you!
The adder barely misses you. The hound barely misses you.
The hound attacks as it pursues you! The hound bites you.
* * * LOW HITPOINT WARNING * * *
The adder barely misses you.
You feel ready to blink again.
Casting: Blink (safe; 11% risk of failure)
Confirm with . or Enter, or press ? or * to list all spells.
A tiny devil pulls itself out of the air.
The hound bites you.
* * * LOW HITPOINT WARNING * * *
Unknown command.
The hound attacks as it pursues you! The hound bites you.
You die...

#.#.#########.### #.#.#
#....).# #.#.# #......# #
#[#.# #......# # #.#.#
#......# # #######.#.#
#......# # #.......#.#
#......# ##
#.......#5######......###.
#.......#@##...#..........
#######.#h##...#.........#
########.#.##...####'####.#
#........#hl.........## #.#
#.########.S......>...###.#
#...................#.....#
##########..........#####.#
#########.## #.#
###.######..


You could see a black bear, an iguana, a hound (ally target), an adder and a
friendly cerulean imp (summoned).

Vanquished Creatures
  2 scorpions (D:4)
  2 orc priests (D:4)
  A jelly (D:4)
  A hound (D:4)
  2 iguanas
  An orc wizard (D:4)
  An adder (D:4)
  4 gnolls
  3 dart slugs
  9 orcs
  6 ball pythons
  11 endoplasms
  7 giant cockroaches
  4 goblins
  6 hobgoblins
  4 jackals
  6 kobolds
  6 quokkas
  5 bats
  4 frilled lizards
  2 rats
87 creatures vanquished.

Vanquished Creatures (collateral kills)
  A hound (D:5)
  An orc wizard (D:4)
  3 gnolls
  A dart slug (D:1)
  A ribbon worm (D:2)
  3 orcs
  A giant cockroach (D:3)
  A jackal (D:1)
  A kobold (D:4)
13 creatures vanquished.

Grand Total: 100 creatures vanquished

Notes
Turn   | Place    | Note
-------+----------+-------------------------------------------
     0 | D:1      | Autsider the Oni Hedge Wizard began the quest for the Orb.
     0 | D:1      | Reached XP level 1. HP: 16/16 MP: 5/5
    36 | D:1      | Reached skill level 1 in Conjurations
   100 | D:1      | Reached skill level 1 in Summonings
   366 | D:1      | Reached XP level 2. HP: 24/24 MP: 0/6
   369 | D:1      | Learned a level 2 spell: Call Imp
  1025 | D:1      | Reached XP level 3. HP: 24/31 MP: 2/8
  2054 | D:2      | Learned a level 2 spell: Blink
  2058 | D:2      | Learned a level 3 spell: Mephitic Cloud
  2084 | D:2      | Reached XP level 4. HP: 35/39 MP: 2/10
  2450 | D:2      | Found a runed translucent door.
  2451 | D:2      | Noticed Crazy Yiuf
  3547 | D:3      | Reached XP level 5. HP: 45/45 MP: 1/11
  3658 | D:3      | Found Qeinueto's Jewellery Emporium.
  3967 | D:4      | Found a bloodstained altar of Trog.
  4337 | D:4      | Reached XP level 6. HP: 46/53 MP: 2/12
  4959 | D:4      | Reached skill level 1 in Translocations
  5434 | D:4      | Reached skill level 1 in Air Magic
  5434 | D:4      | Reached skill level 1 in Alchemy
  5449 | D:5      | Entered Level 5 of the Dungeon
  5507 | D:4      | Reached XP level 7. HP: 44/57 MP: 2/13
  6825 | D:4      | HP: 2/59 [hound (2)]
  6829 | D:4      | Slain by a hound

Illustrated notes

Levels and vault maps discovered:
D:1:      denvon_arrival_waterhouse, layout_basic
D:2:      layout_rooms, kennysheep_cross_room, kennysheep_nondescript,
          uniq_crazy_yiuf_cottage
D:3:      layout_basic, serial_shops, nicolae_shop_back_alley_shop,
          serial_glass, glass_columns_a, glass_columns_a, glass_columns_a,
          glass_columns_c, minmay_strange_pillars, feat_on_display,
          feat_on_display
D:4:      layout_basic, lemuel_round_altar
D:5:      layout_cave_pools, gup_sewer_entry_bowl, ebering_ghost_sewer_d

Skill      XL: |  1  2  3  4  5  6  7 |
---------------+----------------------+-----
Conjurations   | 1 2 3 4 |  4.0
Summonings     | 1 2 3 4 |  4.0
Spellcasting   | 4 |  4.0
Translocations | 1 2 |  2.0
Air Magic      | 1 2 |  2.0
Alchemy        | 1 |  1.7
Dodging        | |  1.7
Stealth        | |  1.4

Action                     |  1- 3 |  4- 6 |  7- 9 || total
---------------------------+-------+-------+-------++-------
  Melee: Unarmed           |    12 |       |       ||    12
         Headbutt          |     3 |    10 |     4 ||    17
         Club              |     5 |    57 |    13 ||    75
   Cast: Magic Dart        |    96 |   170 |    47 ||   313
         Call Imp          |     7 |    25 |    10 ||    42
         Mephitic Cloud    |       |     7 |     2 ||     9
         Blink             |       |     1 |     1 ||     2
    Use: Potion            |       |     3 |       ||     3
         Scroll            |       |     1 |     5 ||     6
   Stab: Confused          |       |     1 |       ||     1
 Armour: Skin              |    22 |    90 |    52 ||   164
  Dodge: Dodged            |    14 |    55 |    28 ||    97

Table legend: (Time is in decaauts)
 A = Elapsed time spent in this place.
 B = Non-inter-level travel time spent in this place.
 C = Inter-level travel time spent in this place.
 D = Time resting spent in this place.
 E = Time spent auto-exploring this place.
 F = Levels seen in this place.
 G = Mean time per level.
                   A        B        C        D        E       F      G
               +--------+--------+--------+--------+--------+-----+--------+
         Total |   6858 |   6387 |    471 |    611 |   4425 |   5 | 1371.6 |
       Dungeon |   6858 |   6387 |    471 |    611 |   4425 |   5 | 1371.6 |
               +--------+--------+--------+--------+--------+-----+--------+

Top non-repeatable levels by time:
     D:4: 2652 daAuts
     D:1: 1679 daAuts
     D:3: 1238 daAuts
     D:2: 1079 daAuts
     D:5: 209 daAuts
